 Dungeon Crawl Stone Soup version 0.30-a0-743-gbfdf073431 (webtiles) character file.

Game seed: 7353226917287905090

1251 tilp the Meteoran-At-Arms (level 9, 0/71 HPs)
             Began as a Meteoran Fighter on Feb 6, 2023.
             Was a Believer of Okawaru.
             Shot with an arrow by a centaur (11 damage)
             ... on level 7 of the Dungeon.
             The game lasted 00:12:46 (2504 turns).

tilp the Meteoran-At-Arms (Meteoran Fighter)        Turns: 2504, Time: 00:12:46

Health: 0/71       AC: 12    Str: 17    XL:     9   Next: 7%
Magic:  14/16      EV:  8    Int: 11    God:    Okawaru [**....]
Gold:   361        SH:  6    Dex: 21    Spells: 8/8 levels left

rFire   . . .      SeeInvis .    a - +3 falchion
rCold   . . .      Faith    .    c - +0 buckler
rNeg    + + .      Spirit   .    x - +0 chain mail {rC+}
rPois   +          Reflect  .    (no helmet)
rElec   .          Harm     .    e - +2 cloak
rCorr   .          Rampage  .    (no gloves)
Will    ++...                    (no boots) Stlth
                                 (no amulet)
HPRegen 0.31/turn                n - ring of Vehumet's Respect {rPois rC- rN++ Will+ Dex+3}
MPRegen 0.15/turn                (no ring)

@: mighty, marked, glowing
A: sense surroundings 2, otherworldly, glowing, explore regen
a: Renounce Religion, Heroism


You were on level 7 of the Dungeon.
You worshipped Okawaru.
Okawaru was pleased with you.
You visited 2 branches of the dungeon, and saw 8 of its levels.
You also visited: Sewer.

You collected 361 gold pieces.

Inventory:

Hand Weapons
 a - a +3 falchion (weapon)
 b - a +5 dagger of electrocution
 j - a +1 dagger of venom
 q - a +4 short sword
 u - a +0 long sword
Missiles
 h - 29 stones
 v - 5 poisoned darts (quivered)
Armour
 c - a +0 buckler (worn)
 e - a +2 cloak (worn)
 x - a +0 chain mail of cold resistance (worn)
Jewellery
 l - a +6 ring of intelligence
 n - the ring of Vehumet's Respect (left hand) {rPois rC- rN++ Will+ Dex+3}
   (You acquired it on level 3 of the Dungeon)

   [ring of willpower]

   Dex:       It affects your dexterity (+3).
   rC:        It makes you vulnerable to cold.
   rPois:     It protects you from poison.
   rN:        It greatly protects you from negative energy.
   Will:      It increases your willpower.
Wands
 o - a wand of paralysis (4)
 y - a wand of iceblast (14)
Scrolls
 p - 3 scrolls of teleportation
 s - a scroll of magic mapping
 w - a scroll of amnesia
 A - 2 scrolls of poison
 D - a scroll of acquirement
Potions
 f - 2 potions of heal wounds
 g - 2 potions of mutation
 i - a potion of attraction {unknown}
 k - 2 potions of haste
 m - a potion of curing
 r - a potion of berserk rage {unknown}
 t - 2 potions of magic
 z - a potion of cancellation {unknown}


   Skills:
 * Level 4.0 Fighting
 * Level 6.0 Long Blades
 + Level 2.0 Throwing
 + Level 4.0 Armour
 + Level 4.0 Dodging
 * Level 2.0 Stealth
 - Level 4.0 Shields
 * Level 8.0 Invocations
 + Level 2.0 Evocations


You had 8 spell levels left.
You didn't know any spells.
Your spell library was empty.

Dungeon Overview and Level Annotations

Branches:
Dungeon (7/15) Zot: 1764   Temple (1/1) D:5 Zot: 539   Sewer (visited)

Altars:
Ashenzari
Elyvilon
Fedhas
Gozag
Hepliaklqana
Kikubaaqudgha
Makhleb
Nemelex Xobeh
Okawaru
Qazlal
Ru
Sif Muna
Trog
Uskayaw
Wu Jian
Xom
Yredelemnul
Zin
The Shining One


Innate Abilities, Weirdness & Mutations

You passively map the area around you.
You are easily found by Zot.
You glow in the dark.
You regain HP and MP as you explore.


Message History

You block the water moccasin's attack.
The bullfrog hits you but does no damage.
The water moccasin bites you but does no damage.
The bullfrog hits you but does no damage.
You slash the water moccasin!
The water moccasin is heavily wounded.
You block the water moccasin's attack.
The bullfrog hits you but does no damage.
You hit the water moccasin.
The water moccasin is severely wounded.
The water moccasin bites you.
* * * LOW HITPOINT WARNING * * *
The bullfrog hits you but does no damage.
You block the water moccasin's attack. You block the bullfrog's attack.
You slash the water moccasin!
You kill the water moccasin!
Okawaru is honoured by your kill.
The centaur shoots an arrow.
The arrow hits you.
* * * LOW HITPOINT WARNING * * *
The bullfrog hits you but does no damage.
The centaur shoots an arrow.
The arrow hits you!
* * * LOW HITPOINT WARNING * * *
Training target 8.0 for Invocations reached!
Your Invocations skill increases to level 8!
You need to enable at least one skill for training.
You have reached level 9!
Your experience leads to an increase in your attributes!
Your base attributes are Str 17, Int 10, Dex 16.
Increase (S)trength, (I)ntelligence, or (D)exterity?
You feel agile. x2; You feel clever.
Your attunement to dungeon structure grows.
You slash the bullfrog!
The bullfrog is severely wounded.
The bullfrog hits you but does no damage.
The centaur shoots an arrow.
The arrow barely misses you.
The bullfrog hits you but does no damage.
You hit the bullfrog.
The bullfrog is severely wounded.
The centaur shoots an arrow.
The arrow hits you!
You die...

. #........# ,#* * * #
###..###.# , , #.
##..)..#.###* , *
.##..###.....# * * ,, ,
..#.## ##.##.# * ** ...#
#.##.# ###..# #....#
....########..#####
##.......###...F@.#
#....###.##..####†##
..##..##.....####c.###
#####..###^..#...#...##
..##*#.#*#.#..........##
...## .##..#...........#
....# .#..##......>....#
....# #.#*#..[........#
....# .. ##..........#*


You could see a bullfrog and a centaur.

Vanquished Creatures
  Joseph (D:7)
  2 water moccasins
  An ogre (D:7)
  A scorpion (D:7)
  2 bullfrogs (D:7)
  3 wights (D:7)
  A jelly (D:6)
  2 iguanas
  Ijyb (D:4)
  4 gnolls
  4 adders
  A river rat (D:3)
  A shadow imp (D:7)
  2 white imps (D:6)
  An ufetubus (D:5)
  3 worms
  4 dart slugs
  7 orcs
  4 ball pythons
  An endoplasm (D:3)
  3 giant cockroaches
  6 goblins
  5 hobgoblins
  2 jackals (D:4)
  4 kobolds
  2 quokkas (D:3)
  6 bats
  2 rats (D:3)
76 creatures vanquished.

Vanquished Creatures (others)
  An orc wizard (D:6)
1 creature vanquished.

Grand Total: 77 creatures vanquished

Notes
Turn   | Place    | Note
-------+----------+-------------------------------------------
     0 | D:1      | tilp the Meteoran Fighter began the quest for the Orb.
     0 | D:1      | Reached XP level 1. HP: 19/19 MP: 2/2
    96 | D:1      | Reached XP level 2. HP: 18/26 MP: 3/3
   187 | D:3      | Reached skill level 1 in Dodging
   241 | D:2      | You fall into a shaft and drop 2 floors!
   272 | D:4      | Reached XP level 3. HP: 30/31 MP: 4/4
   280 | D:4      | Noticed Ijyb
   307 | D:3      | Reached XP level 4. HP: 34/38 MP: 5/5
   321 | D:3      | Reached skill level 1 in Throwing
   321 | D:3      | Reached skill level 1 in Stealth
   331 | D:3      | Found a glowing drain.
   335 | Sewer    | Entered a sewer
   366 | Sewer    | Noticed a water moccasin
   379 | Sewer    | Killed a water moccasin
   380 | Sewer    | Reached XP level 5. HP: 41/46 MP: 6/6
   380 | Sewer    | Reached XP level 6. HP: 46/52 MP: 7/7
  1187 | D:3      | Identified a scroll of acquirement
  1187 | D:3      | Acquired the ring of Vehumet's Respect {rPois rC- rN++
                  | Will+ Dex+3}
  1315 | D:4      | Killed Ijyb
  1426 | D:5      | Entered Level 5 of the Dungeon
  1444 | D:5      | Reached XP level 7. HP: 59/59 MP: 8/8
  1793 | D:5      | Found a staircase to the Ecumenical Temple.
  1838 | D:5      | Found an ornate altar of the Wu Jian Council.
  1977 | D:5      | Found a shimmering altar of Xom.
  2060 | Temple   | Entered the Ecumenical Temple
  2096 | Temple   | Became a worshipper of Warmaster Okawaru
  2272 | D:7      | Reached skill level 5 in Long Blades
  2272 | D:7      | Reached skill level 1 in Invocations
  2272 | D:7      | Reached skill level 1 in Evocations
  2289 | D:7      | Reached skill level 2 in Invocations
  2303 | D:7      | Reached skill level 3 in Invocations
  2303 | D:7      | Reached XP level 8. HP: 9/65 MP: 9/11
  2348 | D:7      | Noticed Joseph
  2364 | D:7      | Killed Joseph
  2364 | D:7      | Reached * piety under Okawaru
  2365 | D:7      | Reached skill level 6 in Invocations
  2432 | D:7      | Reached ** piety under Okawaru
  2433 | D:7      | Reached skill level 7 in Invocations
  2434 | D:7      | HP: 2/66 [scorpion (4)]
  2503 | D:7      | Reached skill level 8 in Invocations
  2503 | D:7      | Gained mutation: You passively map the area around you.
                  | [Meteoran growth]
  2503 | D:7      | Reached XP level 9. HP: 11/71 MP: 14/16
  2504 | D:7      | Shot with an arrow by a centaur

Illustrated notes

Levels and vault maps discovered:
D:1:      dpeg_arrival_round_c, layout_basic, chequers_serial_rivers_micro_c,
          wad_floor_pattern_untrapped, minmay_misc_feat_diagonals
D:2:      layout_basic, uniq_terence
D:3:      layout_loops_corners, gup_sewer_entry_bowl
D:4:      layout_rooms, uniq_ijyb
D:5:      layout_loops_cross, mainiacjoe_overflow_swirl, temple_pool_b
D:6:      layout_loops_ring, grunt_ministairs_15, minmay_misc_feat_iff,
          uniq_crazy_yiuf_cottage, uniq_pikel
D:7:      layout_rooms, uniq_joseph
Temple:   nicolae_temple_bog_church

Skill      XL: |  1  2  3  4  5  6  7  8 |
---------------+-------------------------+-----
Dodging        | 1 2 3 4 |  4.0
Long Blades    | 3 4 5 6 |  6.0
Throwing       | 1 2 |  2.0
Stealth        | 1 2 |  2.0
Armour         | 4 |  4.0
Shields        | 4 |  4.0
Fighting       | 4 |  4.0
Invocations    | 3 8 |  8.0
Evocations     | 2 |  2.0

Action                     |  1- 3 |  4- 6 |  7- 9 || total
---------------------------+-------+-------+-------++-------
  Melee: Long sword        |    51 |   140 |    83 ||   274
         Falchion          |       |       |    63 ||    63
  Throw: Stone             |       |     3 |     1 ||     4
  Evoke: Wand              |       |       |     2 ||     2
    Use: Scroll            |     1 |     8 |     8 ||    17
         Potion            |       |     2 |     3 ||     5
   Stab: Paralysed         |       |       |    10 ||    10
 Armour: Scale mail        |    22 |    67 |    30 ||   119
         Chain mail        |       |       |    46 ||    46
  Dodge: Dodged            |    19 |    51 |    42 ||   112
  Block: Buckler           |    12 |    29 |    40 ||    81

Table legend: (Time is in decaauts)
 A = Elapsed time spent in this place.
 B = Non-inter-level travel time spent in this place.
 C = Inter-level travel time spent in this place.
 D = Time resting spent in this place.
 E = Time spent auto-exploring this place.
 F = Levels seen in this place.
 G = Mean time per level.
                   A        B        C        D        E       F      G
               +--------+--------+--------+--------+--------+-----+--------+
         Total |   2587 |   2221 |    366 |     38 |      0 |   9 |  287.4 |
       Dungeon |   2434 |   2091 |    343 |     36 |      0 |   7 |  347.7 |
        Temple |     60 |     37 |     23 |      0 |      0 |   1 |   60.0 |
         Sewer |     92 |     92 |      0 |      2 |      0 |   1 |   92.0 |
               +--------+--------+--------+--------+--------+-----+--------+

Top non-repeatable levels by time:
     D:3: 825 daAuts
     D:5: 498 daAuts
     D:4: 454 daAuts
     D:7: 267 daAuts
     D:2: 164 daAuts
     D:6: 120 daAuts
     D:1: 102 daAuts
   Sewer: 92 daAuts
  Temple: 60 daAuts
